 Dungeon Crawl Stone Soup version 0.29-a0-1016-g236c7fd91e (webtiles) character file.

Game seed: 15645309742499674608

32 flotson the Digger (level 3, -1/25 HPs)
             Began as a Demonspawn Earth Elementalist on Aug 9, 2022.
             Slain by Sigmund
             ... wielding a +0 scythe
              (2 damage)
             ... on level 2 of the Dungeon.
             The game lasted 00:03:08 (1017 turns).

flotson the Digger (Demonspawn Earth Elementalist)  Turns: 1017, Time: 00:03:09

Health: -1/25      AC:  2    Str:  8    XL:     3   Next: 10%
Magic:  0/6        EV: 12    Int: 18    God:
Gold:   80         SH:  0    Dex: 13    Spells: 0/6 levels left

rFire   . . .      SeeInvis .   (no weapon)
rCold   . . .      Faith    .   (no shield)
rNeg    + . .      Spirit   .   a - +0 robe
rPois   .          Reflect  .   (no helmet)
rElec   .          Harm     .   (no cloak)
rCorr   .          Rampage  .   (no gloves)
Will    .....                   (no boots)
Stlth   ++........              (no amulet)
HPRegen 0.08/turn               h - ring of positive energy
MPRegen 0.10/turn               (no ring)

@: very slightly contaminated
A: hooves 1, demonic magic 1
a: no special abilities


You were on level 2 of the Dungeon.
You visited 1 branch of the dungeon, and saw 2 of its levels.

You collected 80 gold pieces.

Inventory:

Missiles
 c - 2 poisoned darts
Armour
 a - a +0 robe (worn)
Magical Staves
 d - a staff of air
Jewellery
 h - a ring of positive energy (left hand)
Scrolls
 f - a scroll of teleportation {unknown}
 i - a scroll of identify {unknown}
Potions
 b - a potion of magic
 e - a potion of heal wounds {unknown}
 g - a potion of curing {unknown}
 j - 2 potions of degeneration {unknown}


   Skills:
 + Level 0.6 Fighting
 + Level 0.5 Throwing
 + Level 0.4 Armour
 + Level 2.0 Dodging
 - Level 2.0 Stealth
 + Level 2.2 Spellcasting
 + Level 1.2 Transmutations
 + Level 0.1 Air Magic
 + Level 2.8 Earth Magic


You couldn't memorise any spells.
You knew the following spells:

 Your Spells              Type           Power      Damage    Failure   Level
a - Sandblast             Erth           24%        2d8       5%          1
b - Passwall              Tmut/Erth      7%         N/A       12%         2
c - Stone Arrow           Conj/Erth      14%        3d7       28%         3

Your spell library contained the following spells:

 Spells                   Type           Power      Damage    Failure   Level
 Petrify                  Tmut/Erth      9%         N/A       58%         4


Dungeon Overview and Level Annotations

Branches:
Dungeon (2/15)

Altars:

Annotations:
D:2 Sigmund


Innate Abilities, Weirdness & Mutations

You have large cloven feet.
Spells you cast may paralyse adjacent enemies.


Message History

You see here a giant cockroach corpse.
Casting: Sandblast (safe; 5% risk of failure)
Confirm with . or Enter, or press ? or * to list all spells.
Aiming: Sandblast (safe; 5% risk of failure)
Press: ? - help, Shift-Dir - straight line, f - Sigmund
Aim: Sigmund, wielding a +0 scythe and wearing a +2 robe of willpower (80% to hit)
The blast of sand misses Sigmund.
Malevolent energies surge around you. Sigmund closely misses you.
Casting: Sandblast (safe; 5% risk of failure)
Confirm with . or Enter, or press ? or * to list all spells.
Aiming: Sandblast (safe; 5% risk of failure)
Press: ? - help, Shift-Dir - straight line, f/p - Sigmund
Aim: Sigmund, wielding a +0 scythe and wearing a +2 robe of willpower (80% to hit)
The blast of sand hits Sigmund.
Sigmund is moderately wounded.
Malevolent energies surge around you.
Sigmund hits you from afar with a +0 scythe!
Sigmund gestures at you while chanting. The magic dart hits you!
Casting: Sandblast (safe; 5% risk of failure)
Confirm with . or Enter, or press ? or * to list all spells.
The spell is extremely dangerous to miscast (28% risk of failure)!
Continue anyway?
Aiming: Stone Arrow (extremely dangerous; 28% risk of failure)
Press: ? - help, Shift-Dir - straight line, p - Sigmund You miscast Stone Arrow.
You are very lightly contaminated with residual magic.
Nothing appears to happen.
Sigmund gestures at you while chanting. The magic dart hits you!
* * * LOW HITPOINT WARNING * * *
Casting: Stone Arrow (extremely dangerous; 28% risk of failure)
Confirm with . or Enter, or press ? or * to list all spells.
Aiming: Sandblast (safe; 5% risk of failure)
Press: ? - help, Shift-Dir - straight line, f - Sigmund
Aim: Sigmund, wielding a +0 scythe and wearing a +2 robe of willpower (moderately wounded, 80% to hit)
The blast of sand hits Sigmund.
Sigmund is moderately wounded.
Malevolent energies surge around you.
Sigmund hits you from afar with a +0 scythe.
You die...

#.#....#.
#<#.....
######.#.#.#
.#.^........#
........#.###
##........#
........#.#
.........:#
#######@#.#
#...#†#
#.@..#.#
#....#.#
#....#.#
.....#.#
.....##.#
...#..


You could see Sigmund.

Vanquished Creatures
  4 dart slugs (D:1)
  2 ball pythons (D:1)
  3 bats (D:1)
  2 endoplasms (D:1)
  A giant cockroach (D:2)
  A goblin (D:1)
  A hobgoblin (D:1)
  2 quokkas (D:1)
  2 kobolds (D:1)
  5 rats
23 creatures vanquished.

Notes
Turn   | Place    | Note
-------+----------+-------------------------------------------
     0 | D:1      | flotson the Demonspawn Earth Elementalist began the quest
                  | for the Orb.
     0 | D:1      | Reached XP level 1. HP: 13/13 MP: 3/3
     6 | D:1      | Reached skill level 1 in Transmutations
   166 | D:1      | Gained mutation: Spells you cast may paralyse adjacent
                  | enemies. [demonic ancestry]
   166 | D:1      | Reached XP level 2. HP: 19/19 MP: 0/5
   282 | D:1      | Learned a level 2 spell: Passwall
   807 | D:1      | Gained mutation: You have large cloven feet. [demonic
                  | ancestry]
   807 | D:1      | Reached XP level 3. HP: 20/25 MP: 1/6
   899 | D:1      | Learned a level 3 spell: Stone Arrow
  1011 | D:2      | Noticed Sigmund
  1016 | D:2      | HP: 1/25 [Sigmund/magic dart (9)]
  1017 | D:2      | Slain by Sigmund

Illustrated notes

Levels and vault maps discovered:
D:1:      matt_arrival_grand_opening, layout_rooms
D:2:      layout_basic, basic_altar, hellmonk_ecumenical_altar_zigzags,
          uniq_sigmund

Skill      XL: |  1  2 |
---------------+-------+-----
Transmutations | 1 |  1.2
Stealth        | 2 |  2.0
Dodging        | 2 |  2.0
Fighting       | |  0.6
Throwing       | |  0.5
Armour         | |  0.4
Spellcasting   | |  2.2
Air Magic      | |  0.1
Earth Magic    | |  2.8

Action                   || total
-------------------------++-------
 Cast: Sandblast         ||    38
Armor: Robe              ||     1
Dodge: Dodged            ||     5

Table legend: (Time is in decaauts)
 A = Elapsed time spent in this place.
 B = Non-inter-level travel time spent in this place.
 C = Inter-level travel time spent in this place.
 D = Time resting spent in this place.
 E = Time spent auto-exploring this place.
 F = Levels seen in this place.
 G = Mean time per level.
                   A        B        C        D        E       F      G
               +--------+--------+--------+--------+--------+-----+--------+
         Total |   1053 |   1043 |     10 |      0 |    898 |   2 |  526.5 |
       Dungeon |   1053 |   1043 |     10 |      0 |    898 |   2 |  526.5 |
               +--------+--------+--------+--------+--------+-----+--------+

Top non-repeatable levels by time:
     D:1: 1019 daAuts
     D:2: 33 daAuts
